 Dungeon Crawl Stone Soup version 0.30-a0-799-g109b55a442 (webtiles) character file.

Game seed: 16818964443823976496

1155 NotreDorf the Ducker (level 8, -3/61 HPs)
             Began as a Merfolk Venom Mage on Feb 21, 2023.
             Slain by Duvessa
             ... wielding a +0 rapier
              (13 damage)
             ... on level 7 of the Dungeon.
             The game lasted 00:22:56 (6442 turns).

NotreDorf the Ducker (Merfolk Venom Mage)           Turns: 6442, Time: 00:22:57

Health: -3/61      AC:  4    Str:  7 (8)  XL:     8   Next: 39%
Magic:  8/13       EV: 13    Int: 17      God:
Gold:   272        SH:  0    Dex: 13 (14) Spells: 6/16 levels left

rFire   + . .      SeeInvis .    d - +0 halberd
rCold   + . .      Faith    .    (shield currently unavailable)
rNeg    . . .      Spirit   .    w - +0 leather armour {rF+}
rPois   .          Reflect  .    (no helmet)
rElec   .          Harm     .    (no cloak)
rCorr   .          Rampage  .    (no gloves)
Will    .....                    v - +0 pair of boots
Stlth   +                        (no amulet)
HPRegen 0.30/turn                h - ring of wizardry
MPRegen 0.13/turn                m - ring of protection from cold

@: confused
A: (nimble swimmer 2), mertail, low MP 1, MP-powered wands
a: no special abilities


You were on level 7 of the Dungeon.
You visited 1 branch of the dungeon, and saw 6 of its levels.

You collected 272 gold pieces.

Inventory:

Hand Weapons
 d - a +0 halberd (weapon)
 f - a +0 dagger
 k - a +0 falchion
 p - a +0 long sword
Missiles
 c - 6 poisoned darts (quivered)
 n - 2 throwing nets
Armour
 a - a +0 robe
 v - a +0 pair of boots (worn)
 w - a +0 leather armour of fire resistance (worn)
Jewellery
 h - a ring of wizardry (left hand)
 m - a ring of protection from cold (right hand)
 o - the ring "Byiv" {rElec Will+}
   (You found it on level 5 of the Dungeon)

   [ring of willpower]

   rElec:     It insulates you from electricity.
   Will:      It increases your willpower.
 t - a ring of fire
Wands
 r - a wand of mindburst (28)
Scrolls
 g - a scroll of teleportation {unknown}
 j - a scroll of blinking
 l - a scroll of poison {unknown}
 q - 2 scrolls of brand weapon {unknown}
 x - 3 scrolls of identify
 y - a scroll of noise {unknown}
 z - a scroll of vulnerability {unknown}
 A - a scroll of amnesia {unknown}
Potions
 b - a potion of magic
 e - 3 potions of curing
 s - a potion of flight


   Skills:
 + Level 4.3 Fighting
 + Level 4.3 Polearms
 + Level 6.4 Dodging
 - Level 2.1 Stealth
 + Level 4.5 Spellcasting
 - Level 2.0 Transmutations
 + Level 6.0 Poison Magic


You had 6 spell levels left.
You knew the following spells:

 Your Spells              Type           Power      Damage    Failure   Level
a - Sting                 Tmut/Pois      68%        1d6       1%          1
b - Poisonous Vapours     Pois/Air       28%        N/A       4%          2
c - Mephitic Cloud        Conj/Pois/Air  10%        N/A       12%         3
d - Olgreb's Toxic Radia  Pois           24%        N/A       8%          4

Your spell library contained the following spells:

 Spells                   Type           Power      Damage    Failure   Level
 Frozen Ramparts          Ice            6%         1d1       26%         3
 Ice Form                 Ice/Tmut       7%         N/A       50%         4
 Summon Ice Beast         Ice/Summ       3%         N/A       63%         4
 Iskenderun's Battlesphe  Conj           3%         2d6       91%         5
 Iron Shot                Conj/Erth      1%         9d1       100%        6
 Spellforged Servitor     Conj/Summ      1%         N/A       100%        7


Dungeon Overview and Level Annotations

Branches:
Dungeon (5/15)
 Temple: D:4-7

Altars:
Kikubaaqudgha
Makhleb
Ru
Trog
The Shining One

Shops:
D:3 *

Annotations:
D:7 Duvessa


Innate Abilities, Weirdness & Mutations

((You are very nimble when in or above water. (Stealth+, EV+, Speed+++)))
Your lower body shifts to a powerful aquatic tail in water.
Your magical capacity is low. (-10% MP)
You expend magic power (3 MP) to strengthen your wands.


Message History

a +0 dagger; a +0 robe; the elf corpse of Dowan You reach to attack!
You hit Duvessa but do no damage.
Duvessa is severely wounded.
Duvessa rages.
You reach to attack!
You catch the helpless Duvessa completely off-guard!
You hit Duvessa but do no damage.
Duvessa is severely wounded.
You reach to attack!
You hit Duvessa.
Duvessa is almost dead.
Duvessa hits you with a +0 rapier!
You hit Duvessa but do no damage.
Duvessa is almost dead.
You hit Duvessa but do no damage.
Duvessa is almost dead.
You reach to attack!
You strike the helpless Duvessa from behind!
You hit Duvessa but do no damage.
Duvessa is almost dead.
You barely miss Duvessa.
Duvessa is almost dead.
Duvessa seems less confused.
Duvessa hits you with a +0 rapier!!
* * * LOW HITPOINT WARNING * * *
Duvessa misses you.
You are too injured to fight recklessly!
Casting: Mephitic Cloud (dangerous; 12% risk of failure)
Confirm with . or Enter, or press ? or * to list all spells.
Aiming: Mephitic Cloud (dangerous; 12% risk of failure)
Press: ? - help, Shift-Dir - straight line, p - Duvessa That beam is likely to hit you.
Continue anyway?
The ball explodes into a vile cloud!
The stinking cloud engulfs you but does no damage.
The stinking cloud engulfs Duvessa but does no damage.
Duvessa is almost dead.
You are engulfed in noxious fumes.
You choke on the stench!
You are confused.
Duvessa hits you with a +0 rapier.
* * * LOW HITPOINT WARNING * * *
Duvessa hits you with a +0 rapier!
You die...

#........#
#.#)####.# .#
#.#.# #.# .#
#.#.# #.# .#
#.#.# #.# .#
#.#.# #.# .#
#####.#.# #.#
.# .>....#.#
#.####ā—‹###.##
#######
#....@eā—‹.....
######.###.##
... .....
....... :...#..
....+ . ....#


You could see Duvessa (berserk).

Vanquished Creatures
  Grinder (D:4)
  An ice beast (D:7)
  An orc warrior (D:7)
  A black bear (D:5)
  An ogre (D:4)
  A phantom (D:5)
  A necrophage (D:4)
  Dowan (D:7)
  An orc priest (D:7)
  A hound (D:4)
  A gnoll bouda (D:4)
  A jelly (D:5)
  2 iguanas (D:5)
  An iron imp (D:7)
  5 gnolls (D:4)
  7 adders
  A white imp (D:7)
  An ufetubus (D:5)
  2 worms
  2 dart slugs
  12 orcs
  6 ball pythons
  5 endoplasms
  3 giant cockroaches
  4 goblins
  6 hobgoblins
  4 quokkas
  4 bats
  7 frilled lizards
  A goblin zombie (D:7)
  2 hobgoblin zombies (D:7)
  2 kobolds
  A kobold skeleton (D:7)
  3 kobold zombies (D:7)
  An orc skeleton (D:7)
  An orc zombie (D:7)
  4 rats
99 creatures vanquished.

Vanquished Creatures (collateral kills)
  A goblin (D:4)
  A kobold (D:4)
2 creatures vanquished.

Grand Total: 101 creatures vanquished

Notes
Turn   | Place    | Note
-------+----------+-------------------------------------------
     0 | D:1      | NotreDorf the Merfolk Venom Mage began the quest for the
                  | Orb.
     0 | D:1      | Reached XP level 1. HP: 13/13 MP: 3/3
   382 | D:1      | Reached XP level 2. HP: 15/19 MP: 0/5
  1092 | D:1      | Learned a level 2 spell: Poisonous Vapours
  1443 | D:2      | Reached XP level 3. HP: 24/24 MP: 2/6
  1569 | D:2      | Found a faded altar of an unknown god.
  1599 | D:2      | Found an ancient bone altar of Kikubaaqudgha.
  1946 | D:2      | Learned a level 3 spell: Mephitic Cloud
  2093 | D:3      | Found a burning altar of Makhleb.
  2117 | D:3      | Found Nacamm's General Store.
  2546 | D:3      | Reached XP level 4. HP: 21/31 MP: 2/7
  2771 | D:3      | Reached skill level 1 in Fighting
  2884 | D:3      | Found a bloodstained altar of Trog.
  3236 | D:4      | Reached XP level 5. HP: 37/37 MP: 3/9
  3379 | D:4      | Noticed an ogre
  3400 | D:4      | Killed an ogre
  3611 | D:4      | Reached XP level 6. HP: 42/44 MP: 10/10
  3657 | D:4      | Reached skill level 1 in Polearms
  3765 | D:4      | Noticed Grinder
  3779 | D:4      | Killed Grinder
  3780 | D:4      | Reached skill level 5 in Dodging
  3780 | D:4      | Reached skill level 5 in Poison Magic
  3780 | D:4      | Reached XP level 7. HP: 7/52 MP: 12/12
  4019 | D:4      | HP: 2/78 [goblin/sling bullet (3)]
  4324 | D:4      | Found a sacrificial altar of Ru.
  4492 | D:4      | Learned a level 4 spell: Olgreb's Toxic Radiance
  4495 | D:5      | Entered Level 5 of the Dungeon
  4565 | D:5      | Identified the ring "Byiv" {rElec Will+}
  5280 | D:5      | Reached XP level 8. HP: 60/60 MP: 14/14
  5429 | D:5      | You fall into a shaft and drop 2 floors!
  5778 | D:7      | Gained mutation: Your magical capacity is low. (-10% MP)
                  | [potion of mutation]
  5778 | D:7      | Gained mutation: You expend magic power (3 MP) to
                  | strengthen your wands. [potion of mutation]
  6031 | D:7      | Found a glowing golden altar of the Shining One.
  6418 | D:7      | Noticed Duvessa
  6421 | D:7      | Noticed Dowan
  6429 | D:7      | Killed Dowan
  6442 | D:7      | Slain by Duvessa

Illustrated notes

Levels and vault maps discovered:
D:1:      co_arrival_square_in_a_square_in_a_square, layout_loops_corners,
          amcnicky_mini_corridor_feature
D:2:      layout_basic, hellmonk_ecumenical_altar_inner_sanctum, basic_altar,
          minmay_misc_feat_roman, kennysheep_generic_room_4
D:3:      layout_loops_ring, lemuel_coloured_pillars_altar, lemuel_tele_altar,
          serial_shops, shop, chequers_decorated_corner
D:4:      kennysheep_six_static_rooms, layout_basic, nicolae_ru_awakened_eye,
          uniq_grinder
D:5:      layout_rooms, ebering_dispersal_statue_hall, nrook_pool_corridor
D:7:      layout_basic, nicolae_tso_besieged_by_evil,
          kennysheep_generic_room_14, uniq_duvessa

Skill      XL: |  1  2  3  4  5  6  7  8 |
---------------+-------------------------+-----
Dodging        | 3 4 5 6 |  6.4
Transmutations | 2 |  2.0
Poison Magic   | 4 5 6 |  6.0
Fighting       | 1 2 3 4 |  4.3
Spellcasting   | 3 4 |  4.5
Polearms       | 2 3 4 |  4.3
Stealth        | |  2.1

Action                     |  1- 3 |  4- 6 |  7- 9 || total
---------------------------+-------+-------+-------++-------
  Melee: Dagger            |    10 |       |       ||    10
         Long sword        |    12 |    16 |       ||    28
         Falchion          |     3 |       |       ||     3
         Halberd           |       |    31 |   212 ||   243
  Throw: Dart              |       |       |     4 ||     4
   Cast: Sting             |    59 |    20 |     1 ||    80
         Poisonous Vapours |       |    10 |     6 ||    16
         Mephitic Cloud    |       |     2 |     5 ||     7
         Olgreb's Toxic Ra |       |       |     1 ||     1
    Use: Scroll            |       |     6 |       ||     6
         Potion            |       |     1 |     4 ||     5
   Stab: Sleeping          |       |     1 |     1 ||     2
         Confused          |       |       |     6 ||     6
         Distracted        |       |       |     1 ||     1
 Armour: Robe              |     6 |     8 |    11 ||    25
         Leather armour    |       |       |    37 ||    37
  Dodge: Dodged            |    31 |    36 |   112 ||   179

Table legend: (Time is in decaauts)
 A = Elapsed time spent in this place.
 B = Non-inter-level travel time spent in this place.
 C = Inter-level travel time spent in this place.
 D = Time resting spent in this place.
 E = Time spent auto-exploring this place.
 F = Levels seen in this place.
 G = Mean time per level.
                   A        B        C        D        E       F      G
               +--------+--------+--------+--------+--------+-----+--------+
         Total |   6519 |   6332 |    187 |    672 |   4366 |   6 | 1086.5 |
       Dungeon |   6519 |   6332 |    187 |    672 |   4366 |   6 | 1086.5 |
               +--------+--------+--------+--------+--------+-----+--------+

Top non-repeatable levels by time:
     D:4: 1299 daAuts
     D:3: 1256 daAuts
     D:1: 1137 daAuts
     D:7: 1028 daAuts
     D:5: 950 daAuts
     D:2: 847 daAuts
